Map: Lost and Found LE

Players

Nds - Winner!

  • Race: Zerg Zerg
  • League: Silver
  • Spawn Location: 1:00

XanthiX

  • Race: Terran Terran
  • League: Silver
  • Spawn Location: 7:00

VOD

Have the link to the VOD?

Description

This was my 200th game ever played - looking forward to your opinion and suggestions :))
as always much love from germany :) ♥

Time

  • Played on: May 22, 2018, 7:33 a.m.
  • Length: 21:29
Show
View Real Time Build Order
Export as new Build Order

Nds Zerg - Winner!

Build Orders: Hatch First 

Get SALT Encoding   

  12  0:01  Drone  
  13  0:13  Overlord  
  13  0:16  Drone  
  14  0:31  Drone x2  
  16  0:35  Drone  
  17  0:55  Hatchery  
  16  1:02  Drone  
  17  1:05  Extractor  
  17  1:06  Drone  
  17  1:19  Spawning Pool  
  17  1:20  Drone  
  17  1:25  Drone  
  17  1:29  Drone  
  19  1:42  Overlord  
  19  1:51  Drone  
  20  2:07  Queen  
  22  2:09  Queen  
  22  2:10  Metabolic Boost  
  22  2:14  Drone  
  25  2:23  Zergling x6  
  25  2:26  Drone  
  29  2:38  Drone x2  
  29  2:43  Overlord  
  31  2:56  Drone x3  
  31  2:57  Roach Warren  
  33  3:06  Queen  
  33  3:10  Drone x2  
  37  3:15  Overlord  
  37  3:27  Drone x3  
  37  3:28  Drone x3  
  43  3:39  Spine Crawler  
  43  3:40  Spore Crawler  
  41  3:43  Spore Crawler x2  
  41  3:46  Spore Crawler  
  38  3:50  Drone x2  
  40  4:06  Lair  
  40  4:14  Queen  
  39  4:24  Spine Crawler, Roach  
  39  4:25  Roach x4  
  32  4:59  Drone x3  
  32  5:00  Drone x4  
  35  5:15  Queen  
  37  5:24  Spine Crawler  
  37  5:25  Roach x2  
  37  5:26  Spine Crawler, Roach x4  
  37  5:27  Spine Crawler  
  46  5:29  Drone, Roach x2  
  51  5:37  Extractor  
  51  5:40  Queen  
  52  5:47  Overlord x2  
  52  5:58  Glial Reconstitution  
  52  6:05  Drone x2  
  54  6:19  Overlord x3  
  54  6:20  Overlord x2  
  54  6:30  Spine Crawler x2  
  54  6:31  Spine Crawler  
  51  6:39  Baneling Nest, Drone x4  
  54  6:53  Hydralisk Den  
  53  7:06  Ravager x3  
  56  7:16  Extractor  
  56  7:17  Extractor  
  54  7:30  Muscular Augments  
  54  7:33  Zergling x10  
  54  7:34  Zergling x14  
  54  7:35  Zergling x2  
  67  7:45  Drone x4  
  71  7:58  Baneling x6  
  71  8:18  Hatchery, Infestation Pit, Hydralisk x2  
  73  8:22  Drone x3  
  73  8:23  Drone x3  
  67  8:42  Grooved Spines  
  67  8:45  Roach x2  
  67  8:46  Roach x4  
  78  8:57  Spine Crawler  
  72  9:03  Evolution Chamber  
  72  9:05  Evolution Chamber  
  63  9:14  Spore Crawler  
  63  9:16  Spore Crawler  
  61  9:18  Hydralisk x2  
  61  9:19  Spore Crawler  
  64  9:27  Drone  
  64  9:28  Drone x3  
  68  9:39  Zerg Melee Weapons Level 1  
  68  9:46  Zerg Missile Weapons Level 1  
  68  9:49  Drone x2  
  68  9:50  Drone  
  71  9:58  Queen  
  73  10:08  Zergling x6  
  73  10:09  Zergling x4  
  78  10:28  Drone x5  
  81  10:29  Drone x4  
  87  10:42  Baneling x6  
  87  10:43  Baneling x3  
  87  10:44  Ravager x2  
  87  10:45  Ravager x2  
  91  10:52  Drone x3  
  94  11:10  Hydralisk x5  
  94  11:11  Hydralisk  
  106  11:25  Overlord  
  106  11:26  Overlord x4  
  101  11:53  Spore Crawler  
  100  11:58  Queen  
  100  12:01  Drone x5  
  104  12:02  Drone x2  
  104  12:06  Hydralisk x5, Roach x3  
  125  12:12  Overseer  
  125  12:13  Overlord  
  125  12:26  Spine Crawler  
  125  12:27  Spore Crawler  
  125  12:29  Spore Crawler  
  122  12:31  Spore Crawler  
  122  12:34  Zerg Melee Weapons Level 2  
  122  12:35  Zerg Missile Weapons Level 2  
  122  12:36  Spore Crawler  
  120  12:39  Hydralisk x2  
  124  12:50  Zergling x12  
  124  12:51  Zergling x2  
  131  13:03  Hive  
  131  13:08  Centrifical Hooks  
  131  13:12  Zergling x6  
  134  13:13  Zergling x10  
  134  13:14  Zergling x2  
  140  13:27  Hydralisk x4  
  140  13:31  Baneling x3  
  140  13:32  Baneling x4  
  148  13:34  Baneling x2  
  148  13:35  Baneling x2  
  148  13:36  Baneling  
  148  14:05  Hydralisk x2  
  148  14:08  Overlord x5  
  148  14:09  Overlord  
  152  14:12  Hatchery  
  151  14:32  Hydralisk x4  
  151  14:33  Zergling x6  
  151  14:34  Zergling x10  
  167  14:43  Roach x4  
  175  15:01  Hydralisk x6  
  187  15:18  Baneling x7  
  187  15:19  Baneling  
  187  15:38  Drone x4  
  187  15:39  Drone x5  
  128  16:17  Overseer x3  
  128  16:18  Overseer x5  
  122  16:24  Hydralisk x2  
  122  16:25  Hydralisk x7  
  128  16:26  Hydralisk x3  
  128  16:27  Zergling x10  
  128  16:28  Zergling x6  
  150  17:00  Zergling x6  
  150  17:01  Roach x6  
  159  17:02  Roach x6  
  177  17:16  Hydralisk x3  
  183  17:35  Baneling x5  
  181  17:38  Overseer x3  
  159  18:20  Hydralisk  
  159  18:21  Hydralisk x4  
  169  18:31  Hydralisk  
  167  19:12  Hydralisk x2  
  167  19:13  Hydralisk x3  
  165  19:40  Overlord x4  
  165  19:41  Overlord x5  
  165  19:59  Hydralisk x4  
  167  20:00  Hydralisk  
  175  20:30  Hydralisk x4  
Show
View Real Time Build Order
Export as new Build Order

XanthiX Terran 

Build Orders: Cyclone Opening 

Get SALT Encoding   

  12  0:01  SCV  
  13  0:17  Supply Depot, SCV  
  14  0:26  Refinery  
  14  0:40  Barracks  
  14  0:48  Supply Depot  
  14  0:51  SCV  
  15  1:02  Refinery  
  15  1:05  SCV  
  16  1:36  Factory  
  16  1:44  Engineering Bay  
  16  1:53  Factory  
  16  2:04  SCV  
  16  2:07  Marine  
  18  2:23  Orbital Command  
  18  2:28  Marine  
  19  2:38  Cyclone  
  22  2:47  Marine  
  23  2:53  Cyclone  
  26  3:06  Marine  
  27  3:13  Factory Tech Lab  
  27  3:18  SCV  
  28  3:37  Factory Reactor  
  28  3:42  SCV  
  28  3:46  Engineering Bay  
  29  3:49  Missile Turret  
  29  3:51  Barracks Reactor  
  29  3:58  Command Center  
  29  4:09  Supply Depot  
  20  5:03  Cyclone  
  20  5:04  Cyclone, Marine x2  
  20  5:05  Siege Tank  
  30  5:23  Bunker  
  30  5:24  SCV  
  31  5:30  SCV  
  32  5:45  Marine  
  32  5:46  Marine  
  34  6:00  SCV  
  34  6:01  SCV  
  34  6:02  Refinery  
  34  6:03  Marine x2  
  38  6:12  SCV  
  38  6:13  SCV  
  38  6:15  Rapid Fire Launchers  
  38  6:18  Cyclone x2  
  46  6:23  Marine x2  
  46  6:24  Starport  
  48  6:41  Supply Depot  
  48  6:45  Liberator  
  48  6:46  Marine  
  48  6:47  Marine  
  48  6:50  Missile Turret  
  50  6:56  Missile Turret  
  50  6:59  Missile Turret  
  50  7:03  Starport  
  53  7:14  Supply Depot  
  53  7:15  Siege Tank  
  56  7:19  Missile Turret  
  56  7:23  SCV  
  56  7:28  Widow Mine  
  59  7:40  Medivac  
  61  7:50  Missile Turret  
  61  7:55  SCV  
  61  7:56  SCV  
  63  8:07  SCV  
  63  8:08  SCV  
  63  8:11  Marine x2  
  67  8:21  Widow Mine  
  69  8:28  Supply Depot  
  69  8:33  Widow Mine  
  46  9:20  Marine x2  
  48  9:29  Siege Tank  
  48  9:30  Liberator x2  
  48  9:31  Cyclone, Widow Mine, Barracks  
  56  9:38  Marine x2  
  56  9:42  Structure Armor  
  64  9:56  Marine x2  
  66  10:14  Cyclone, Marine x2  
  66  10:16  Siege Tank  
  66  10:18  Cyclone  
  66  10:19  Barracks Tech Lab  
  77  10:24  Command Center  
  68  10:39  Medivac x2  
  72  10:44  Marine x2  
  72  10:45  Marauder, Combat Shield  
  72  10:48  Terran Infantry Weapons Level 1  
  73  11:30  Liberator  
  73  11:31  Liberator  
  73  11:50  Siege Tank  
  73  11:51  Cyclone  
  85  11:58  Supply Depot  
  85  12:03  Neosteel Frame  
  85  12:36  Starport Tech Lab x2  
  85  12:45  Marauder, Marine x2, Command Center  
  89  13:12  Cloaking Field  
  89  13:14  Hyperflight Rotors  
  89  13:28  SCV  
  90  13:40  SCV  
  91  13:52  SCV  
  83  13:58  Siege Tank  
  86  14:20  Armory  
  86  14:27  Refinery  
  86  14:28  Banshee x2  
  86  14:30  Siege Tank  
  86  14:31  Siege Tank  
  98  14:49  Terran Infantry Armor Level 1  
  98  14:50  Ghost Academy, Marine x2  
  98  14:51  Marine  
  98  14:52  Marine  
  102  15:08  Marine x2  
  102  15:09  Marine x2  
  106  15:26  Marine x2  
  106  15:27  Marine x2  
  110  15:44  Marine x2  
  110  15:45  Marine  
  71  16:09  Marine x3  
  71  16:10  Marine  
  52  16:27  Marine x2  
  54  17:00  Personal Cloaking, Banshee x2  
  60  17:08  Siege Tank x2  
  66  17:58  Marine x4  
  23  18:26  Marine x4  
  22  18:33  SCV  
  23  18:36  SCV  
  23  18:39  Engineering Bay  
  24  18:45  SCV  
  21  18:56  SCV  
  21  18:58  SCV  
  22  19:16  Refinery  
  22  19:19  Missile Turret  
  7  19:42  SCV  
Tags
 
Add a new tag
Caveats
  • Supply blocks, unpowered buildings, or Contaminate may cause inaccurate times.
  • Supply counts are checked every 10 seconds.